AoeStats
← Barón de la Cerveza

Arena

509230459Analyzed
1v1 RM · 7d ago on Sep 26, 2026· 98m 8s· 2 players
Game mode
Random Map
Map size
Tiny (2 player)
Population
200
Speed
Normal
Resources
Standard
Victory
Conquest
Starting age
Dark Age
Ending age
Imperial Age
RankedLock teamsTeams togetherTeam positionsShared explorationLock speedFull tech treeHidden civsTurbo modeCheats
Victory
Defeat
🇲🇽 Malay · Mexico
1866
+12
🇨🇿 Bengalis · Czechia
1780
-12
Barón de la Cerveza
13:04 Feudal Age
16:03 Castle Age
13:50 Double-Bit Axe
14:05 Horse Collar
16:33 Squires
30:27 Imperial Age
28:14 Pikeman
29:04 Loom
30:39 Conscription
31:24 Wheelbarrow
31:43 Heavy Plow
32:29 Bow Saw
33:49 Capped Ram
33:56 Capped Ram
35:09 Hand Cart
35:22 Halberdier
38:51 Ballistics
39:31 Chemistry
38:54 Sanctity
38:49 Block Printing
44:03 Onager
45:59 Siege Engineers
46:04 Masonry
54:07 Forging
59:12 Fletching
59:58 Iron Casting
62:57 Blast Furnace
62:44 Husbandry
62:23 Elite Battle Elephant
69:01 Town Watch
77:51 Guilds
88:32 Bodkin Arrow
88:39 Padded Archer Armor
89:19 Bracer
89:43 Thumb Ring
89:03 Elite Skirmisher
92:11 Leather Archer Armor
alesh
10:55 Feudal Age
14:26 Castle Age
12:39 Double-Bit Axe
13:12 Horse Collar
15:26 Bow Saw
19:47 Town Watch
20:10 Heavy Plow
20:58 Loom
22:20 Fletching
24:30 Wheelbarrow
28:58 Imperial Age
27:02 Bodkin Arrow
27:08 Padded Archer Armor
28:09 Sanctity
28:54 Hand Cart
29:08 Leather Archer Armor
29:07 Bloodlines
28:57 Husbandry
29:43 Bracer
30:04 Block Printing
29:59 Redemption
30:58 Gold Mining
31:53 Ballistics
33:29 Two-Man Saw
33:54 Devotion
35:26 Chemistry
34:56 Siege Engineers
35:01 Masonry
35:00 Elite Elephant Archer
36:37 Scale Barding Armor
36:43 Forging
38:28 Guilds
38:02 Light Cavalry
39:27 Chain Barding Armor
40:24 Iron Casting
40:59 Plate Barding Armor
42:42 Blast Furnace
46:46 Crop Rotation
53:42 Ring Archer Armor
69:54 Squires
69:14 Pikeman
69:55 Scale Mail Armor
87:13 Halberdier
91:21 Elite Skirmisher
Connection lost

Rejoining the realm…

Still unreachable

The connection could not be restored.

Session expired

The server has moved on; the page needs a fresh start.